[Event "FIDE Grand Swiss 2023"]
[Site "Villa Marina, Douglas, Isle of Man"]
[Date "2023.11.05"]
[Round "11.22"]
[White "Petrosyan, Manuel"]
[Black "Volokitin, Andrei"]
[Result "1/2-1/2"]
[WhiteElo "2604"]
[BlackElo "2664"]
[EventDate "2023.10.25"]
[ECO "B90"]
[PlyCount "63"]
[BlackFideId "14107090"]
[TimeControl "40/100 + 20/50 + 15 + 30s/move"]
[WhiteFideId "13300857"]

1.e4 c5 2.Nf3 d6 3.d4 cxd4 4.Nxd4 Nf6 5.Nc3 a6 6.Bd3 g6 7.f3 Qb6 8.a3 Nc6 9.Be3 e5 10.Nf5 Qd8 11.Nh6 d5 12.exd5 Nxd5 13.Nxd5 Qxd5 14.Be4 Qxd1+ 15.Rxd1 Be6 16.g4 Rc8 17.h4 f5 18.gxf5 Bxh6 19.Bxh6 gxf5 20.Bd3 Nd4 21.Kf2 Nxf3 22.Kxf3 e4+ 23.Bxe4 fxe4+ 24.Kxe4 Rxc2 25.Rc1 Rxc1 26.Rxc1 ( 26.Rg1 Re1+ 27.Rxe1 Kd7 28.Rc1 Rd8 29.Bf4 Rc8 30.Rxc8 Kxc8 31.h5 Bf7 32.h6 Kd7 33.Ke5 Kc6 34.Ke4 ) 26...Kd7 27.Bf4 Rc8 28.Rxc8 Kxc8 29.h5 Bf7 30.h6 Kd7 31.Ke5 Kc6 32.Kd4 1/2-1/2

[Event "FIDE Grand Swiss 2023"]
[Site "Villa Marina, Douglas, Isle of Man"]
[Date "2023.11.05"]
[Round "11.25"]
[White "Shankland, Sam"]
[Black "Murzin, Volodar"]
[Result "1/2-1/2"]
[WhiteElo "2698"]
[BlackElo "2633"]
[EventDate "2023.10.25"]
[ECO "A15"]
[PlyCount "71"]
[BlackFideId "44155573"]
[TimeControl "40/100 + 20/50 + 15 + 30s/move"]
[WhiteFideId "2004887"]

1.Nf3 Nf6 2.c4 e6 3.b3 d5 4.Bb2 Be7 5.e3 O-O 6.Nc3 c5 7.cxd5 exd5 8.Rc1 Nc6 9.Na4 b6 10.d4 cxd4 11.Nxd4 Bb4+ 12.Bc3 Bxc3+ 13.Nxc3 Bb7 14.Be2 Nxd4 15.Qxd4 Qe7 16.O-O Rfc8 17.Rc2 Qc5 18.Rfc1 Qxd4 19.exd4 Kf8 20.Kf1 Rc7 21.Nb5 Rxc2 22.Rxc2 Ne8 23.Bd3 Ba6 24.Ke2 Bxb5 25.Bxb5 Nd6 26.Bd7 Ne8 27.Bxe8 Rxe8+ 28.Kd3 f6 29.Rc6 Re1 30.h4 Rd1+ 31.Ke2 Rxd4 32.Rc8+ Ke7 33.Rc7+ Kd6 34.Rxa7 Rg4 35.g3 h5 36.Kd3 ( 36.Kd3 Ke5 ) 1/2-1/2

[Event "FIDE Grand Swiss 2023"]
[Site "Villa Marina, Douglas, Isle of Man"]
[Date "2023.11.05"]
[Round "11.26"]
[White "Ponomariov, Ruslan"]
[Black "Navara, David"]
[Result "1/2-1/2"]
[WhiteElo "2641"]
[BlackElo "2689"]
[EventDate "2023.10.25"]
[ECO "A07"]
[PlyCount "71"]
[BlackFideId "309095"]
[TimeControl "40/100 + 20/50 + 15 + 30s/move"]
[WhiteFideId "14103320"]

1.Nf3 d5 2.g3 g6 3.Bg2 Bg7 4.d4 Nf6 5.O-O O-O 6.c3 Nbd7 7.a4 b6 8.a5 Ba6 9.Re1 c5 10.Bf4 Nh5 11.Be3 e6 12.Qc1 Qc7 13.Bh6 bxa5 14.Bxg7 Kxg7 15.Nbd2 Rab8 16.Ra2 cxd4 17.Nxd4 e5 18.N4b3 Bc4 19.Ra3 a4 20.Nxc4 Qxc4 21.Nd2 Qb5 22.c4 dxc4 23.Nxc4 Rfc8 24.Rc3 Nhf6 25.Qc2 Nd5 26.Bxd5 Qxd5 27.Qxa4 Rxb2 28.Rd1 Nc5 29.Nxb2 Nxa4 30.Rxd5 Nxc3 31.Rxe5 Kf6 32.Ra5 Nxe2+ 33.Kf1 Rc1+ 34.Kxe2 Rc2+ 35.Kf3 Rxb2 36.Rxa7 ( 
36.Rxa7 Ke5 ) 1/2-1/2

[Event "FIDE Grand Swiss 2023"]
[Site "Villa Marina, Douglas, Isle of Man"]
[Date "2023.11.05"]
[Round "11.29"]
[White "Shevchenko, Kirill"]
[Black "Mishra, Abhimanyu"]
[Result "1/2-1/2"]
[WhiteElo "2671"]
[BlackElo "2592"]
[EventDate "2023.10.25"]
[ECO "C07"]
[PlyCount "68"]
[BlackFideId "30920019"]
[TimeControl "40/100 + 20/50 + 15 + 30s/move"]
[WhiteFideId "14129574"]

1.e4 e6 2.d4 d5 3.Nd2 c5 4.Ngf3 cxd4 5.Nxd4 Nc6 6.Bb5 Bd7 7.Nxc6 bxc6 8.Bd3 Bd6 9.Qe2 e5 10.O-O Qe7 11.c4 d4 12.f4 Nf6 13.c5 Bxc5 14.Nc4 exf4 15.Bxf4 Ng4 16.Rac1 O-O 17.e5 Ne3 18.Nxe3 dxe3 19.Bxh7+ Kxh7 20.Qc2+ Kg8 21.Qxc5 Qxc5 22.Rxc5 ( 22.Rc2 Qc4 23.Rxc4 Be6 24.Rc5 Bxa2 25.Bxe3 a5 26.Rxc6 Bb3 27.Ra1 Rfc8 28.Bc5 Rcb8 29.Rc1 Be6 30.Ba3 Rb5 31.R1c5 Rxc5 32.Rxc5 a4 33.Rb5 Rc8 34.Bc5 Rd8 35.Bd6 Rc8 36.Bc5 Rd8 ) 22...Be6 23.Bxe3 Bxa2 24.Rxc6 a5 25.Ra1 Bb3 26.Bc5 Rfb8 27.Rc1 Be6 28.Ba3 Rb5 29.R1c5 Rxc5 30.Rxc5 a4 31.Rb5 Rc8 32.Bc5 Rd8 33.Bd6 Rc8 34.Bc5 Rd8 1/2-1/2

[Event "FIDE Grand Swiss 2023"]
[Site "Villa Marina, Douglas, Isle of Man"]
[Date "2023.11.05"]
[Round "11.32"]
[White "Pichot, Alan"]
[Black "Tari, Aryan"]
[Result "1-0"]
[WhiteElo "2650"]
[BlackElo "2619"]
[EventDate "2023.10.25"]
[ECO "C50"]
[PlyCount "101"]
[BlackFideId "1510045"]
[TimeControl "40/100 + 20/50 + 15 + 30s/move"]
[WhiteFideId "110973"]

1.e4 e5 2.Nf3 Nc6 3.Bc4 Nf6 4.d3 Bc5 5.O-O d6 6.a4 O-O 7.h3 h6 8.Be3 Bxe3 9.fxe3 Be6 10.Bxe6 fxe6 11.Nbd2 d5 12.c3 Qd6 13.Qb3 Kh8 14.Rf2 b6 15.Raf1 Rae8 16.g4 dxe4 17.dxe4 a6 18.Qc4 Nb8 19.g5 hxg5 20.Nxg5 Kg8 21.Ndf3 Qc6 22.Qe2 Nxe4 23.Nxe5 Rxf2 24.Rxf2 Ng3 25.Qf3 Qxf3 26.Rxf3 Nf5 27.e4 Nd6 28.b4 Rf8 29.Kf2 Rf6 30.Ke3 a5 31.bxa5 bxa5 32.Kd4 Na6 33.Nc6 e5+ 34.Nxe5 Nb7 35.Nc4 Nbc5 36.Rxf6 gxf6 37.Nf3 Nxa4 38.Nxa5 N6c5 39.c4 Ne6+ 40.Ke3 Nac5 41.Nc6 Kf7 42.h4 Ng7 43.Nb4 f5 44.e5 Nce6 45.Nd5 c5 46.Nf4 Nxf4 47.Ng5+ Kg6 48.Kxf4 Nh5+ 49.Kf3 Ng7 50.Nh3 f4 51.Kg4 ( 
51.Kg4 {Alan Pichot 2650 - Aryan Tari 2619, FIDE Grand Swiss 2023, Villa Marina,
Douglas, Isle of Man, Isle Of Man (11.32), 2023.11.05} ) ( 51.Ke4 ) 1-0

[Event "FIDE Grand Swiss 2023"]
[Site "Villa Marina, Douglas, Isle of Man"]
[Date "2023.11.05"]
[Round "11.39"]
[White "Nguyen, Thai Dai Van"]
[Black "Abasov, Nijat"]
[Result "1-0"]
[WhiteElo "2618"]
[BlackElo "2679"]
[EventDate "2023.10.25"]
[ECO "A15"]
[PlyCount "77"]
[BlackFideId "13402960"]
[TimeControl "40/100 + 20/50 + 15 + 30s/move"]
[WhiteFideId "358878"]

1.c4 e6 2.g3 Nf6 3.Bg2 d5 4.Nf3 dxc4 5.Qa4+ Bd7 6.Qxc4 c5 7.d4 Nc6 8.O-O cxd4 9.Nxd4 Rc8 10.Nc3 Nxd4 11.Qxd4 Bc5 12.Qh4 Bc6 13.Bxc6+ Rxc6 14.Rd1 Qa5 15.Bg5 Be7 16.Ne4 Qe5 ( 
16...Qc5 ) 17.Nxf6+ Bxf6 18.Bxf6 Qxf6 19.Qxf6 gxf6 20.Rac1 Rxc1 21.Rxc1 Kd7 22.Rc4 b6 23.Kg2 Rg8 24.Ra4 a5 25.Rh4 Rg7 26.e4 Ke7 27.Rh5 Rg5 28.Rxh7 Re5 29.Kf3 Kf8 30.Rh8+ Kg7 31.Rb8 Rb5 32.b3 Rb4 33.Rc8 b5 34.Ke3 f5 35.exf5 exf5 36.f3 a4 37.Rc3 axb3 38.axb3 f4+ 39.Kd2 {[%clk 00:07:43] Thai Dai Van Nguyen 2618 - Nijat Abasov 2679,
FIDE Grand Swiss 2023, Villa Marina, Douglas, Isle of Man, Isle Of Man (11.39),
2023.11.05} 1-0

[Event "FIDE Grand Swiss 2023"]
[Site "Villa Marina, Douglas, Isle of Man"]
[Date "2023.11.05"]
[Round "11.43"]
[White "Gukesh, D"]
[Black "Akobian, Varuzhan"]
[Result "1-0"]
[WhiteElo "2758"]
[BlackElo "2582"]
[EventDate "2023.10.25"]
[ECO "D02"]
[PlyCount "111"]
[BlackClock "00:00:56"]
[BlackFideId "13300580"]
[TimeControl "40/100 + 20/50 + 15 + 30s/move"]
[WhiteClock "00:07:56"]
[WhiteFideId "46616543"]

1.d4 Nf6 2.Bf4 e6 3.e3 d5 4.Nf3 Bd6 5.c3 O-O 6.Bd3 c5 7.Ne5 Qc7 8.Nd2 Nbd7 9.Ndf3 b6 10.h4 Bb7 11.h5 Rad8 12.g4 Ne4 13.g5 f6 14.gxf6 Ndxf6 15.Ke2 Qc8 16.Qg1 Ba6 17.Rd1 Bxd3+ 18.Rxd3 Rde8 19.h6 Re7 20.hxg7 Rxg7 21.Bh6 Rf7 22.Bxg7 Rxg7 23.Qf1 Bxe5 24.Nxe5 Qa6 25.Qb1 Kf8 26.Rh4 Ke7 27.Qc2 Rg1 28.c4 Ng3+ 29.Kf3 dxc4 30.Rd1 Qb7+ 31.d5 Nf5 32.Rxg1 Qxd5+ 33.Ke2 Nxh4 34.Qxc4 Qxe5 35.Qxh4 Qxb2+ 36.Kf3 Kd6 37.Qf4+ Qe5 38.Qxe5+ Kxe5 39.Rg7 a5 40.Rb7 Nd5 41.e4 Nc3 42.Rxb6 Nxe4 43.Rb5 a4 44.Ra5 Nc3 45.Rxc5+ Kd4 46.Rh5 e5 47.a3 e4+ 48.Kf4 Kc4 49.Ke3 Nb5 50.Rxh7 Nxa3 51.Ra7 Nc2+ 52.Kxe4 a3 53.f4 Kb3 54.f5 a2 55.Rxa2 Kxa2 56.f6 1-0

[Event "FIDE Grand Swiss 2023"]
[Site "Villa Marina, Douglas, Isle of Man"]
[Date "2023.11.05"]
[Round "11.48"]
[White "Iturrizaga Bonelli, Eduardo"]
[Black "Greenfeld, Alon"]
[Result "1-0"]
[WhiteElo "2615"]
[BlackElo "2455"]
[EventDate "2023.10.25"]
[ECO "A34"]
[PlyCount "65"]
[BlackFideId "2800039"]
[TimeControl "40/100 + 20/50 + 15 + 30s/move"]
[WhiteFideId "3901211"]

1.c4 c5 2.Nc3 Nf6 3.g3 e6 4.Nf3 Nc6 5.Bg2 d5 6.cxd5 exd5 7.d4 cxd4 8.Nxd4 Bc5 9.Nxc6 bxc6 10.Na4 Bb6 11.Nxb6 axb6 12.Qc2 Bd7 13.O-O O-O 14.a4 Re8 15.b4 Ne4 16.Be3 h5 17.Rfd1 h4 18.b5 cxb5 19.Rxd5 Nf6 20.Bg5 Qe7 21.Bxh4 bxa4 22.Rd4 Ra5 23.Qd2 a3 24.h3 Qe5 25.e3 Bf5 26.g4 Ne4 27.Qb4 Bh7 28.f4 Qb5 29.Bxe4 Bxe4 30.Rxe4 Rxe4 31.Qxe4 ( 31.Qc4 Rd4 32.Qxd4 Qb3 33.Qe4 Qb2 34.Rd1 g6 35.Qe8+ ) 31...Qb2 32.Rd1 g6 33.Qe8+ 1-0

[Event "FIDE Grand Swiss 2023"]
[Site "Villa Marina, Douglas, Isle of Man"]
[Date "2023.11.05"]
[Round "11.55"]
[White "Fawzy, Adham"]
[Black "Maurizzi, Marc`andria"]
[Result "1/2-1/2"]
[WhiteElo "2535"]
[BlackElo "2555"]
[EventDate "2023.10.25"]
[ECO "D00"]
[PlyCount "77"]
[BlackFideId "36083534"]
[TimeControl "40/100 + 20/50 + 15 + 30s/move"]
[WhiteFideId "10613129"]

1.d4 d5 2.Nc3 Nf6 3.Bf4 a6 4.e3 c5 5.dxc5 e6 6.Nf3 Bxc5 7.Bd3 O-O 8.O-O Nbd7 9.e4 dxe4 10.Nxe4 Nxe4 11.Bxe4 Nf6 12.Qe2 Nxe4 13.Qxe4 f6 14.Qc4 Qb6 15.Rad1 Kh8 16.Nd2 e5 17.Nb3 Be7 18.Be3 Be6 19.Bxb6 Bxc4 20.Rfe1 Bb5 21.f4 Kg8 22.Nd4 exd4 23.Rxe7 Rf7 24.Rxf7 Kxf7 25.Rxd4 Re8 26.c4 Bc6 27.Kf2 Re4 28.g3 Ke6 29.Rxe4+ Bxe4 30.Ke3 Bc6 31.g4 g5 32.b3 Bg2 33.fxg5 fxg5 34.Bd8 h6 35.Bb6 Bh3 36.Kf3 Bf1 37.Bd4 Kf7 38.Ke3 Bh3 39.Kf3 ( 39.Ke4 ) 1/2-1/2